[Event "Swedish Championship U20 2022"]
[Site "Uppsala"]
[Date "2022.07.06"]
[Round "5.1"]
[White "Nord, Alexander"]
[Black "Soderstrom, Adrian"]
[Result "1/2-1/2"]
[ECO "D02"]
[WhiteElo "2200"]
[BlackElo "2292"]
[Annotator "TA"]
[PlyCount "155"]
[EventDate "2022.07.01"]
[EventType "tourn"]
[EventCountry "SWE"]
[SourceTitle "playchess.com"]
[Source "ChessBase"]
[SourceQuality "1"]
[TimeControl "40/5400+30:1800+30"]

1. d4 d5 2. Nf3 Nf6 3. g3 c5 4. Bg2 cxd4 5. O-O h6 6. b3 {[%emt 0:07:31] D02: 1 d4 d5 2 Nf3 sidelines, including 2...Nf6 3 g3 and 2...Nf6 3 Bf4.} h5 7. Bb2 {[%emt 0:05:11] [#]} h4 $146 ({Predecessor:} 7... Nc6 8. Nxd4 h4 9. Nxc6 bxc6 10. Nd2 hxg3 11. hxg3 Bg4 12. Nf3 Qc8 13. Qd3 Bf5 {0-1 (29) Mkrtchian,L (2378)-Ter Sahakyan,S (2640) Jermuk 2022}) 8. Nxd4 (8. Bxd4 h3 9. Bh1 Nc6 $11) (8. gxh4 Nc6 9. Nxd4 (9. Bxd4 Bg4 $15) 9... Rxh4 $15) (8. Qxd4 $11 Nc6 9. Qf4) 8... e5 $17 9. Nf3 e4 10. Nd4 (10. Nxh4 $15 g5 11. Bxe4 (11. Qd4 Be7 $15) 11... gxh4 12. Bxd5) 10... Ng4 11. Qc1 (11. Nb5 $17 a6 12. Qxd5 axb5 13. Qxe4+ Qe7 14. Qxe7+ Bxe7 15. Nc3) 11... Bd6 (11... Nc6 $1 $19 {[%cal Og4h2] and Black stays clearly on top. Hoping for ...Nxh2!} 12. h3 hxg3 $1 13. fxg3 (13. Nxc6 $2 bxc6 14. hxg4 Qh4 $19) 13... Bc5) 12. Nb5 hxg3 13. hxg3 e3 $1 $36 {[%emt 0:05:27][%mdl 2048] Keeping White busy.} 14. f4 (14. fxe3 $2 Bxg3 15. Rf3 Qh4 16. Nd6+ Bxd6 $19) 14... Bc5 15. Ba3 (15. Qd1 $15 Qb6 16. Qxd5 Qxb5 17. Bxg7) 15... Qb6 (15... Na6 $17 {Threatens to win with ...Bd7.} 16. N1c3 Qb6) 16. Bxc5 $11 {[%emt 0:01:29] Chess con chili.} Qxc5 17. N5c3 $2 (17. N1c3 $11 {and White stays safe.}) 17... d4 $2 (17... Qb6 $19 {[%cal Oh8h1] aiming for ...Rh1+!} 18. Qa3 (18. Nxd5 $2 Qh6 $19) 18... Qh6) 18. Nd5 $17 Rh5 19. c4 (19. f5 $1 $15 Kf8 20. Qa3 Qxa3 21. Nxa3) 19... d3 $2 (19... Qd6 $1 $19 {[%cal Rd6h6] White must now prevent ...Qh6.} 20. Qa3 Rxd5 21. cxd5 (21. Bxd5 $2 Qh6 $19) 21... Qh6) 20. Qa3 $14 Qxa3 (20... Rxd5 $1 $11 {remains equal.} 21. cxd5 (21. Bxd5 Qd4 $11) 21... Qb6 22. Qa4+ (22. Rc1 Bd7 $17) 22... Kf8 23. Qa3+ Ke8) 21. Nxa3 $16 Nc6 {[%emt 0:02:54] Strongly threatening ...Nd4.} 22. exd3 ({Reject} 22. Nc7+ $6 Kd8 23. Nxa8 Nd4 $11) 22... Bf5 $2 (22... Nd4 $16 23. Rfe1 (23. Nc7+ $2 Kd8 $19) 23... Kf8) 23. Rfe1 $2 (23. Nc7+ $18 {and the rest is easy.} Kd7 24. Nxa8) 23... O-O-O 24. Nc2 Bxd3 (24... e2 $16 {was called for.}) 25. Ncxe3 $18 Nxe3 26. Rxe3 Bf5 27. b4 Be6 28. a3 g5 (28... Rhh8 $16 29. Rf1 Rh5) 29. f5 $1 Bxf5 {[%emt 0:01:01] [#]} (29... Bxd5 30. Bxd5 (30. cxd5 Nd4 $16) 30... Rd7) 30. b5 $1 Nd4 31. Rd1 Nc2 32. Rc3 Bh7 $2 (32... Bg4) 33. Bf3 (33. c5 $142) 33... Rh6 34. Rd2 (34. c5 $142 Re6 35. Bg4) 34... Ne1 35. Bg4+ f5 36. Ne7+ (36. Be2 $18 {is more deadly.}) 36... Kc7 $16 37. Rxd8 {[%emt 0:00:19] White is more active.} Kxd8 38. Nxf5 Rf6 39. Nd4 {[%emt 0:01:10] And now Ne6+ would win.} Nd3 $2 (39... Bd3 $14 40. Be2 Bxe2 41. Nxe2 a6) 40. c5 (40. Ne6+ $142 Ke7 41. c5 (41. Nxg5 Bf5 $18)) 40... Nf2 (40... Ne5 {keeps fighting.}) 41. Bf3 Ne4 42. Bxe4 Bxe4 $18 {[%emt 0:00:03][%mdl 4096] Endgame KRB-KRN} 43. Re3 Bd5 44. Re5 Bc4 45. Rxg5 Rf1+ 46. Kg2 Rd1 (46... Ra1 $16 47. Kf3 Rxa3+ 48. Kf4 Rd3) 47. Rg4 Rd3 48. a4 Bd5+ 49. Kf2 Ke7 50. Rf4 Rc3 51. Nf5+ (51. b6 $18 a6 52. Rf5 Rxc5 53. Rh5) 51... Ke6 {[%emt 0:00:52] [#]} 52. Ne3 (52. c6 $142 $1) 52... Ba2 $16 53. Re4+ Kf6 54. Rd4 ({Better is} 54. Re8 $16 {Rb8 is the strong threat.} Rxc5 55. Ra8) 54... Be6 55. Rd8 Rxc5 56. Ra8 a6 57. bxa6 bxa6 58. Rxa6 Ke5 59. Ra7 Rc3 60. Re7 (60. Rh7 $14) 60... Kd6 $11 61. Rh7 Ra3 62. Rh4 Kc5 {[%emt 0:01:00] Against Nc4} (62... Ra2+ $11 {is more appropriate.} 63. Kf3 Bd7) 63. Rf4 (63. Rh5+ $14 Kd6 64. a5) 63... Bb3 64. g4 Rxa4 65. Kf3 Rxf4+ {[%emt 0:00:40] The position is equal.} 66. Kxf4 {[%emt 0:00:02] KB-KN} Kd6 67. Nf5+ Kd7 68. Ke5 Ke8 69. Kf6 Kf8 70. Nd4 Ba2 71. g5 Bb1 72. Nf5 Bxf5 73. Kxf5 {[%emt 0:00:02] Threatening mate with Kg6. KP-K} Kf7 $1 74. g6+ Kg7 75. Kg5 Kg8 76. Kf6 Kf8 77. g7+ Kg8 78. Kg6 {[%emt 0:00:01] Black escapes into a draw.  Weighted Error Value: White=0.58/Black=0.49} 1/2-1/2

[Event "Swedish Championship U20 2022"]
[Site "Uppsala"]
[Date "2022.07.06"]
[Round "5.2"]
[White "Seo, Jung Hyun"]
[Black "Olsson, William"]
[Result "1/2-1/2"]
[ECO "B76"]
[WhiteElo "2102"]
[BlackElo "2284"]
[Annotator "TA"]
[PlyCount "112"]
[EventDate "2022.07.01"]
[EventType "tourn"]
[EventCountry "SWE"]
[SourceTitle "playchess.com"]
[Source "ChessBase"]
[SourceQuality "1"]
[TimeControl "40/5400+30:1800+30"]

1. e4 c5 2. Nf3 d6 3. d4 cxd4 4. Nxd4 Nf6 5. Nc3 g6 6. Be3 Bg7 7. f3 O-O 8. Qd2 Nc6 9. O-O-O d5 10. Qe1 e5 11. Nxc6 bxc6 12. exd5 Nxd5 13. Bc4 Be6 14. Ne4 Qc7 15. Bc5 Rfd8 16. Qh4 h6 {[%emt 0:05:41] Prevents Ng5. B76: Sicilian Dragon: Yugoslav Attack, 9 g4 and 9 0-0-0.} 17. g4 Nf4 18. Bxe6 Nxe6 {[%emt 0:00:09] White has an edge.} 19. Bd6 Qa5 20. Kb1 Nd4 {[%emt 0:06:00] [#]} (20... Rd7 $11) 21. c3 $146 (21. Qf2 $14) ({Predecessor:} 21. Rd3 Qa4 22. b3 Qb5 23. a4 Qa5 24. Qe7 Re8 25. Qc7 Qd5 26. Ba3 Red8 27. Qe7 {1-0 (35) Baciu,A (2104)-Stanciu,I (1850) Calimanesti 2014}) 21... Nb5 (21... Nxf3 $11 {remains equal.} 22. Qf2 Ng5 23. Nxg5 hxg5) 22. Bb4 $1 $16 Qb6 23. a4 Rxd1+ 24. Rxd1 Nd4 25. Qe7 ({Worse is} 25. cxd4 Qxb4 26. dxe5 Bxe5 $17) 25... a5 26. Ba3 (26. cxd4 $5 Qxb4 27. Qxb4 axb4 28. d5 cxd5 29. Rxd5 $11) 26... Qb3 27. Rd2 {[%emt 0:00:00] Active counter play!} Bf8 $36 {[%emt 0:08:47][%mdl 2048] Black has good play.} 28. Nf6+ ({But not} 28. Qxe5 $2 Nxf3 29. Nf6+ Kh8 $19) 28... Kh8 29. Qxf8+ (29. Qc7 $11 Bxa3 30. cxd4) 29... Rxf8 $19 30. Bxf8 Qe6 (30... Nxf3 $2 31. Rd8 Qd5 32. Nxd5 $18) 31. cxd4 {[%emt 0:04:57] g5 is the strong threat.} Qxf6 32. dxe5 Qxe5 33. Bxh6 {[%emt 0:00:50][%mdl 4096] Endgame KQ-KRB} Kh7 34. g5 Qf5+ 35. Ka2 Qe6+ 36. b3 f6 (36... Qe3 $19 37. Rb2 Kg8) 37. f4 (37. Bf8 $17 {might work better.}) 37... Kg8 $2 (37... c5 $1 $19 {[%cal Rc5c4] aiming for ...c4.} 38. Rc2 Qd6) 38. Rd8+ $11 Kh7 {[%emt 0:00:46] White must now prevent ...c5.} 39. gxf6 $2 Qxf6 $19 40. Bg5 {[%emt 0:00:07] [#]} Qc3 {[%emt 0:00:56][%mdl 1024] Black has strong compensation.} 41. Rd7+ Kg8 42. Re7 Qc2+ 43. Ka3 Qb1 (43... Qxh2 $19 {Hoping for ...Qd2.} 44. Rc7 Qc2) 44. Re2 $2 ({White has to play} 44. Bf6 $1 $15) 44... Kf7 ({Not} 44... Qa1+ $2 45. Ra2 Qd1 46. h3 $19) 45. Re7+ Kf8 46. Re2 Qa1+ 47. Ra2 Qc1+ 48. Rb2 Ke8 49. h4 Kd7 (49... Qa1+ $19 50. Ra2 Qd1) 50. Ka2 {[%emt 0:00:00][%cal Of4f5] [#]} Qe1 (50... Qc3 $1 $17 {Threatens to win with ...c5.} 51. f5 gxf5) 51. Rc2 $15 Kd6 52. Rc4 Kd5 53. Kb2 Qf1 54. Ka2 Qe2+ 55. Kb1 Qg2 (55... Qf3 $5 56. Kb2 Qe2+ 57. Rc2 Qe4 $15) 56. Ka1 Qh1+ {[%emt 0:00:00] White happily takes the draw.  Weighted Error Value: White=0.51/Black=0.32} 1/2-1/2

[Event "Swedish Championship U20 2022"]
[Site "Uppsala"]
[Date "2022.07.06"]
[Round "5.3"]
[White "Wernberg, Hugo"]
[Black "Grahn, Vidar"]
[Result "1-0"]
[ECO "D45"]
[WhiteElo "2316"]
[BlackElo "2003"]
[Annotator "TA"]
[PlyCount "57"]
[EventDate "2022.07.01"]
[EventType "tourn"]
[EventCountry "SWE"]
[SourceTitle "playchess.com"]
[Source "ChessBase"]
[SourceQuality "1"]
[TimeControl "40/5400+30:1800+30"]

1. d4 d5 2. c4 c6 3. Nf3 Nf6 4. Nc3 e6 5. e3 Nbd7 6. Be2 dxc4 7. a4 $1 {[%emt 0:00:11][%mdl 4] now scores much better than the old 7.Bxc4.} Bb4 8. Bxc4 {[%emt 0:10:00] D45: Semi-Slav: 5 e3.} O-O 9. O-O c5 10. Na2 {[%emt 0:07:19] White is slightly better.} Ba5 (10... b6 $14) 11. dxc5 $16 Bc7 12. b4 a5 13. Ba3 {[%emt 0:05:51] [#]} Qe7 $146 ({Predecessor:} 13... Ne5 14. Nxe5 Bxe5 15. Qxd8 Rxd8 16. Rad1 Bd7 17. b5 Rdc8 18. Nc1 Be8 19. Be2 b6 {1-0 (53) Davydov,S (2207)-Efremov,V (1953) St Petersburg 2017}) 14. Rc1 Rd8 15. Qe2 ({Better is} 15. Bd3 $16) 15... axb4 $14 16. Bxb4 {[%emt 0:00:58] Strongly threatening Bb5.} Ba5 17. Ba3 {[%emt 0:02:31] White is more active.} b6 (17... Nxc5 $14 18. Bxc5 Qxc5) 18. Nd4 $18 {[%emt 0:04:05] [#] Qf3 is the strong threat.} Re8 (18... bxc5 $142 19. Nc6 Qd6 20. Nxd8 Bxd8) 19. Nc6 Qf8 20. Bb5 bxc5 21. Nxa5 Rxa5 22. Rfd1 Rd8 $2 (22... Ra7 23. e4 Qe7) 23. Qd2 Ra8 {[%emt 0:04:25] [#]} 24. Bxc5 $1 Ne4 (24... Qe8 25. Bb6) 25. Bxf8 {[%emt 0:01:43] This bishop pair is nice.} Nxd2 26. Rxd2 Kxf8 27. Nb4 {[%emt 0:00:32] White is clearly winning.} e5 28. Rcd1 f6 29. h3 {[%emt 0:00:58] Weighted Error Value: White=0.20 (precise) /Black=0.50} ({Not} 29. Bxd7 Rxd7 30. Rxd7 Bxd7 $16) 1-0

[Event "Swedish Championship U20 2022"]
[Site "Uppsala"]
[Date "2022.07.06"]
[Round "5.4"]
[White "Rasti, Arvin"]
[Black "Ostlund, Joar"]
[Result "0-1"]
[ECO "C26"]
[WhiteElo "2136"]
[BlackElo "2222"]
[Annotator "TA"]
[PlyCount "70"]
[EventDate "2022.07.01"]
[EventType "tourn"]
[EventCountry "SWE"]
[SourceTitle "playchess.com"]
[Source "ChessBase"]
[SourceQuality "1"]
[TimeControl "40/5400+30:1800+30"]

1. e4 e5 2. Nc3 Nf6 3. g3 Bc5 4. Bg2 O-O 5. d3 Nc6 6. Nge2 {[%emt 0:00:30] C26: Vienna Game: 2...Nf6, sidelines .} a5 7. O-O d6 8. h3 {[%emt 0:02:23] The position is equal.} (8. Bg5 {feels hotter.} h6 9. Bxf6 Qxf6 10. Nd5) 8... a4 {[%emt 0:05:18] [#]} 9. Kh2 $146 ({Predecessor:} 9. a3 Be6 10. Kh2 Nd7 11. f4 f6 12. f5 Bf7 13. g4 {½-½ (13) Huenerfauth,U (2191)-Malyshev,V (2140) ICCF email 2012}) 9... a3 10. bxa3 Bxa3 11. Bxa3 Rxa3 12. f4 Re8 13. Qc1 Ra5 14. Qd2 b6 15. Nd5 Nxd5 16. exd5 Nd4 {[%emt 0:02:28] Strongly threatening ...Nxe2.} 17. Nc3 f6 {[%emt 0:05:27] Black is more active.} 18. Ne4 Nf5 (18... f5 $1 $17 19. Nc3 Qf6) 19. fxe5 dxe5 20. c4 Nd6 21. Nc3 Bf5 22. Rae1 Qd7 23. Rf2 Bg6 24. g4 h6 25. Rfe2 (25. Re3 $15) 25... Rea8 26. Bf3 Rf8 27. h4 ({White should play} 27. a4 $15) 27... Ra3 (27... e4 $142 $1 28. Bxe4 Nxe4 29. dxe4 Qxg4) 28. Rg1 (28. Rg2 $17) 28... Qd8 29. Kh3 (29. Qb2 $17 Qa8 30. Qd2) 29... Qa8 (29... b5 $19 {has better winning chances.} 30. h5 Bxd3 $1 31. Qxd3 f5 32. gxf5 (32. cxb5 $2 e4 $19) (32. Rxe5 $2 Qf6 $19) 32... Nxf5) 30. Re3 {[%emt 0:03:16] [#]} (30. Rg3 $17) 30... Qa5 $1 $19 31. Rc1 Ra8 (31... Qc5 $19 32. h5 Bh7) 32. Bd1 $17 e4 33. Be2 (33. Bb3 $17) 33... exd3 $19 34. Bxd3 Bxd3 35. Rxd3 Nxc4 {[%emt 0:00:48] Weighted Error Value: White=0.32/Black=0.23 (precise)} 0-1

[Event "Swedish Championship U20 2022"]
[Site "Uppsala"]
[Date "2022.07.06"]
[Round "5.5"]
[White "Torngren, Gustav"]
[Black "Falkevall, Axel"]
[Result "1/2-1/2"]
[ECO "D38"]
[WhiteElo "2273"]
[BlackElo "2275"]
[Annotator "TA"]
[PlyCount "264"]
[EventDate "2022.07.01"]
[EventType "tourn"]
[EventCountry "SWE"]
[SourceTitle "playchess.com"]
[Source "ChessBase"]
[SourceQuality "1"]
[TimeControl "40/5400+30:1800+30"]

1. d4 Nf6 2. Nf3 d5 3. c4 e6 4. Nc3 Bb4 5. Bg5 h6 6. Bxf6 Qxf6 7. Qa4+ Nc6 8. e3 O-O 9. Rc1 Rd8 10. Be2 dxc4 11. Qb5 Bxc3+ 12. Rxc3 Ne7 13. Rxc4 Nd5 14. O-O a6 15. Qb3 b6 16. Rfc1 a5 17. e4 Nf4 18. Bf1 c5 19. g3 Ba6 20. R4c2 Bxf1 21. Kxf1 cxd4 22. gxf4 d3 23. Rc3 Qxf4 24. Ng1 Qxe4 25. Rd1 a4 26. Qc4 Rd4 27. Qc6 Qxc6 28. Rxc6 Rb4 29. Rd2 e5 30. a3 Rb3 31. Nf3 Ra5 32. Rc8+ Kh7 33. Re8 f6 34. Ne1 Rd5 35. f3 f5 36. Kf2 f4 37. Rc8 Kg6 38. Rc3 Rxc3 39. bxc3 Kf5 40. Rxd3 Rb5 41. Ke2 Rb2+ 42. Rd2 Rb3 43. Kd3 g5 44. Nc2 h5 45. h3 Rb1 46. Kc4 Rh1 47. Rd5 Rxh3 48. Nd4+ Kg6 {[%emt 0:06:08] [#]} 49. Rxe5 (49. Rd6+ $1 $16 Kf7 50. Ne6) 49... g4 $14 50. fxg4 (50. Re4 $5 ) 50... hxg4 51. Re4 Kg5 52. Ne6+ Kf5 53. Rxf4+ (53. Kd5 {is more complex.} Rd3+ 54. Rd4 Rf3 55. Rxa4 Rf1 56. Ra8) 53... Kxe6 54. Rxg4 Kd6 55. Kb4 Kc6 56. Rc4+ Kb7 57. Kxa4 Ka6 58. Kb4 Rh1 (58... Rh2 $5 59. Kb3 b5 $11) 59. Kb3 Rb1+ 60. Kc2 Rh1 61. Ra4+ Kb7 62. Rg4 Ka6 63. Rg5 Rh4 64. Kb3 Rh1 65. Rg2 Rh6 66. Kb4 Rh1 67. Rb2 Rh4+ 68. Kb3 Kb7 69. Rb1 Ka6 70. Rg1 Kb7 71. Ra1 Ka6 72. Rd1 Kb7 73. Rd4 Rh1 74. Rb4 Ka6 75. Kc4 Rh4+ 76. Kd3 Rh3+ 77. Kc2 Rh2+ 78. Kb3 Rh1 79. Rf4 Rb1+ 80. Kc2 Rh1 81. Rf2 Rg1 82. Rh2 Rf1 83. Kb3 Rb1+ 84. Rb2 Rh1 85. a4 Rh4 86. Ka3 Rc4 87. Kb3 Rh4 88. Rg2 Rh1 89. Rg5 Rb1+ 90. Ka2 Rh1 91. Rb5 Rh4 92. Rb4 Rh3 93. Rc4 Rh1 94. Rc8 Kb7 95. Rd8 Rh5 96. Rd1 Ka6 97. Kb3 Kb7 98. Kb4 Rh2 99. Rb1 Ka6 100. c4 Rh5 101. Ra1 Rg5 102. Rd1 Rg2 103. Rd3 Rb2+ 104. Rb3 Ra2 105. Rb1 Rc2 106. a5 bxa5+ 107. Kc5 Rh2 108. Rb6+ Ka7 109. Rg6 Kb7 110. Rg7+ Kc8 111. Kb5 $1 Rh5+ 112. Kb6 (112. c5 $5 Rh6 113. Ra7 $11) 112... Rh6+ 113. Kxa5 Rh5+ 114. Kb4 Rf5 115. Rh7 Rg5 116. Ra7 Rh5 117. Rf7 Rg5 118. Rh7 Rf5 119. Kc3 Rg5 120. Re7 Rh5 121. Kd4 Rh4+ 122. Kd5 Rh5+ 123. Kd6 (123. Kc6 $5 Rh6+ 124. Kd5 $11) 123... Rh6+ 124. Kd5 Rh5+ 125. Kc6 Rh6+ 126. Kc5 Rh5+ 127. Kc6 Rh6+ 128. Kb5 Rh5+ 129. Kb6 Rh6+ 130. Kb5 Rh5+ 131. c5 Rh6 132. Rg7 Rf6 1/2-1/2

[Event "Swedish Championship U20 2022"]
[Site "Uppsala"]
[Date "2022.07.07"]
[Round "6.1"]
[White "Soderstrom, Adrian"]
[Black "Seo, Jung Hyun"]
[Result "1/2-1/2"]
[ECO "E04"]
[WhiteElo "2292"]
[BlackElo "2102"]
[Annotator "RC"]
[PlyCount "33"]
[EventDate "2022.07.01"]
[EventType "tourn"]
[EventCountry "SWE"]
[SourceTitle "playchess.com"]
[Source "ChessBase"]
[SourceQuality "1"]
[TimeControl "40/5400+30:1800+30"]

1. d4 d5 2. c4 e6 3. Nc3 Nf6 4. Nf3 c6 5. g3 dxc4 6. Bg2 b5 7. Ne5 Qb6 8. O-O Bb7 9. b3 cxb3 10. axb3 Nbd7 11. Be3 Rd8 12. Nd3 c5 13. dxc5 Bxc5 14. Nxc5 Nxc5 15. Qc2 Bxg2 16. Kxg2 O-O 17. b4 1/2-1/2

[Event "Swedish Championship U20 2022"]
[Site "Uppsala"]
[Date "2022.07.07"]
[Round "6.2"]
[White "Grahn, Vidar"]
[Black "Nord, Alexander"]
[Result "0-1"]
[ECO "B22"]
[WhiteElo "2003"]
[BlackElo "2200"]
[Annotator "RC"]
[PlyCount "78"]
[EventDate "2022.07.01"]
[EventType "tourn"]
[EventCountry "SWE"]
[SourceTitle "playchess.com"]
[Source "ChessBase"]
[SourceQuality "1"]
[TimeControl "40/5400+30:1800+30"]

1. e4 c5 2. c3 Nf6 3. e5 Nd5 4. d4 cxd4 5. Nf3 d6 6. cxd4 Nc6 7. Bc4 e6 8. O-O Be7 9. Nbd2 O-O 10. a3 dxe5 11. dxe5 Nf4 12. g3 Nd3 13. Qe2 Nxc1 14. Raxc1 Qc7 15. Bd3 Rd8 16. Ne4 Bd7 17. h4 Be8 18. Neg5 g6 19. Kg2 Qa5 20. Rh1 Rxd3 21. Qxd3 Nxe5 22. Nxe5 Qxe5 23. Rhe1 Qxb2 24. Rc3 Bc6+ 25. Kg1 Rd8 26. Qe3 Bf6 27. Rc4 Kg7 28. h5 gxh5 29. Ne4 Rd5 30. Nxf6 Qxf6 31. Qxa7 Qf5 32. Qe3 Rd3 33. Qe2 Qd5 34. f3 Qxc4 35. Qe5+ f6 36. Qxh5 Bxf3 37. Qe8 Qd4+ 38. Kf1 Qd7 39. Qb8 Rd1 0-1

[Event "Swedish Championship U20 2022"]
[Site "Uppsala"]
[Date "2022.07.07"]
[Round "6.3"]
[White "Olsson, William"]
[Black "Rasti, Arvin"]
[Result "0-1"]
[ECO "A13"]
[WhiteElo "2284"]
[BlackElo "2136"]
[Annotator "RC"]
[PlyCount "74"]
[EventDate "2022.07.01"]
[EventType "tourn"]
[EventCountry "SWE"]
[SourceTitle "playchess.com"]
[Source "ChessBase"]
[SourceQuality "1"]
[TimeControl "40/5400+30:1800+30"]

1. c4 e6 2. Nf3 Nf6 3. g3 a6 4. Bg2 b5 5. b3 Bb7 6. O-O c5 7. Bb2 Qb6 8. d3 Be7 9. Nbd2 O-O 10. e4 d6 11. Qe2 Nc6 12. Ne1 Rae8 13. f4 Nd7 14. Nef3 Qc7 15. Rfe1 Bd8 16. Kh1 b4 17. a3 bxa3 18. Rxa3 Nb4 19. Rf1 Qb8 20. Bc3 Nc6 21. d4 cxd4 22. Nxd4 Nxd4 23. Bxd4 e5 24. fxe5 Nxe5 25. Qf2 f5 26. exf5 Nd3 27. Qg1 Re2 28. Nf3 Rxf5 29. Raa1 Qa8 30. Rae1 Nxe1 31. Rxe1 Rxe1 32. Nxe1 Bxg2+ 33. Nxg2 Qf3 34. b4 Qd3 35. Nf4 Qxc4 36. Qe1 Rxf4 37. gxf4 Qd5+ 0-1

[Event "Swedish Championship U20 2022"]
[Site "Uppsala"]
[Date "2022.07.07"]
[Round "6.4"]
[White "Torngren, Gustav"]
[Black "Wernberg, Hugo"]
[Result "1/2-1/2"]
[ECO "A39"]
[WhiteElo "2273"]
[BlackElo "2316"]
[Annotator "RC"]
[PlyCount "95"]
[EventDate "2022.07.01"]
[EventType "tourn"]
[EventCountry "SWE"]
[SourceTitle "playchess.com"]
[Source "ChessBase"]
[SourceQuality "1"]
[TimeControl "40/5400+30:1800+30"]

1. c4 c5 2. Nf3 Nc6 3. d4 cxd4 4. Nxd4 Nf6 5. g3 g6 6. Bg2 Bg7 7. O-O O-O 8. Nc3 Nxd4 9. Qxd4 d6 10. Bg5 Be6 11. Qd3 Qa5 12. Bd2 Qc7 13. b3 a6 14. Rac1 Rfc8 15. Be3 Nd7 16. Qd2 Nc5 17. Rfd1 Rab8 18. Bh6 Bh8 19. h4 Qd8 20. Ne4 Nxe4 21. Bxe4 b6 22. h5 Qd7 23. Qd3 Bf5 24. Bxf5 Qxf5 25. Qxf5 gxf5 26. Rd5 Be5 27. f4 Bg7 28. Bxg7 Kxg7 29. Rxf5 e6 30. Rg5+ Kh6 31. Rd1 Rc6 32. Kf2 Rd8 33. Rd2 f6 34. Rg4 Rc5 35. Rh4 Rxh5 36. Rxh5+ Kxh5 37. Kf3 f5 38. e3 Kg6 39. e4 fxe4+ 40. Kxe4 h5 41. Rh2 Rc8 42. f5+ exf5+ 43. Kd5 Kg5 44. Rh4 Re8 45. Kxd6 Re3 46. Rh3 Kg4 47. Rh4+ Kg5 48. Rh3 1/2-1/2

[Event "Swedish Championship U20 2022"]
[Site "Uppsala"]
[Date "2022.07.07"]
[Round "6.5"]
[White "Falkevall, Axel"]
[Black "Ostlund, Joar"]
[Result "1/2-1/2"]
[ECO "C70"]
[WhiteElo "2275"]
[BlackElo "2222"]
[Annotator "RC"]
[PlyCount "64"]
[EventDate "2022.07.01"]
[EventType "tourn"]
[EventCountry "SWE"]
[SourceTitle "playchess.com"]
[Source "ChessBase"]
[SourceQuality "1"]
[TimeControl "40/5400+30:1800+30"]

1. e4 e5 2. Nf3 Nc6 3. Bb5 a6 4. Ba4 g6 5. d4 b5 6. Bb3 exd4 7. Nxd4 Na5 8. a4 b4 9. Ba2 Bg7 10. O-O Ne7 11. c3 c5 12. Nf3 O-O 13. Bf4 Bb7 14. Bd6 Rc8 15. Nbd2 bxc3 16. bxc3 Re8 17. Rb1 Rc6 18. Nc4 Nxc4 19. Bxc4 Nc8 20. e5 Nxd6 21. exd6 Ba8 22. Qb3 Rf8 23. Rfd1 Qf6 24. Bd5 Rxd6 25. Bxf7+ Kh8 26. Rxd6 Qxd6 27. Rd1 Qf6 28. Bd5 Qxc3 29. Qxc3 Bxc3 30. Bxa8 Rxa8 31. Rxd7 Rc8 32. Kf1 c4 1/2-1/2

[Event "Swedish Championship U20 2022"]
[Site "Uppsala"]
[Date "2022.07.08"]
[Round "7.1"]
[White "Seo, Jung Hyun"]
[Black "Grahn, Vidar"]
[Result "0-1"]
[ECO "B36"]
[WhiteElo "2102"]
[BlackElo "2003"]
[Annotator "NA RC"]
[PlyCount "124"]
[EventDate "2022.07.01"]
[EventType "tourn"]
[EventCountry "SWE"]
[SourceTitle "playchess.com"]
[Source "ChessBase"]
[SourceQuality "1"]
[TimeControl "40/5400+30:1800+30"]

1. e4 c5 2. Nf3 Nc6 3. d4 cxd4 4. Nxd4 g6 5. c4 Nf6 6. Nc3 d6 7. f3 Nxd4 8. Qxd4 Bg7 9. Be3 O-O 10. Qd2 Be6 11. Rc1 Qa5 12. Bd3 Rfc8 13. b3 Nd7 14. Nd5 Qxd2+ 15. Kxd2 Bxd5 16. cxd5 Nc5 17. Be2 a5 18. Rc2 Rc7 19. Rhc1 Rac8 20. Kd1 Kf8 21. a3 f5 22. b4 axb4 23. axb4 Na6 24. Rxc7 Rxc7 25. Rxc7 Nxc7 26. b5 Bc3 27. Kc2 Ba5 28. Kb3 fxe4 29. Ka4 exf3 30. Bxf3 b6 31. h3 Kf7 32. Be4 e6 33. dxe6+ Kxe6 34. Bc6 Nd5 35. Bd4 Ne7 36. Bf3 Nf5 37. Bf2 d5 38. g4 Nd6 39. Bd4 Ne4 40. Bg2 Nd2 41. Ka3 Nc4+ 42. Kb3 Be1 43. Kc2 Bg3 44. Bf1 Bc7 45. Bxc4 dxc4 46. Kc3 Kd5 47. g5 Bd8 48. Bf6 Bxf6+ 49. gxf6 Ke6 50. Kxc4 g5 51. f7 Kxf7 52. Kd5 h5 53. Kc6 g4 54. hxg4 hxg4 55. Kxb6 g3 56. Kc7 g2 57. b6 g1=Q 58. b7 Qc5+ 59. Kd8 Qb6+ 60. Kc8 Qc6+ 61. Kd8 Ke6 62. b8=N Qb7 0-1

[Event "Swedish Championship U20 2022"]
[Site "Uppsala"]
[Date "2022.07.08"]
[Round "7.2"]
[White "Rasti, Arvin"]
[Black "Soderstrom, Adrian"]
[Result "1/2-1/2"]
[ECO "D11"]
[WhiteElo "2136"]
[BlackElo "2292"]
[Annotator "RC"]
[PlyCount "31"]
[EventDate "2022.07.01"]
[EventType "tourn"]
[EventCountry "SWE"]
[SourceTitle "playchess.com"]
[Source "ChessBase"]
[SourceQuality "1"]
[TimeControl "40/5400+30:1800+30"]

1. d4 d5 2. Nf3 Nf6 3. c4 c6 4. Qc2 dxc4 5. e4 b5 6. b3 cxb3 7. axb3 Bg4 8. Be3 Bxf3 9. gxf3 e6 10. Bd3 Bb4+ 11. Ke2 Nh5 12. Nc3 O-O 13. Rhg1 g6 14. Rg4 Kh8 15. Bh6 Re8 16. e5 1/2-1/2

[Event "Swedish Championship U20 2022"]
[Site "Uppsala"]
[Date "2022.07.08"]
[Round "7.3"]
[White "Nord, Alexander"]
[Black "Torngren, Gustav"]
[Result "1-0"]
[ECO "A43"]
[WhiteElo "2200"]
[BlackElo "2273"]
[Annotator "RC"]
[PlyCount "93"]
[EventDate "2022.07.01"]
[EventType "tourn"]
[EventCountry "SWE"]
[SourceTitle "playchess.com"]
[Source "ChessBase"]
[SourceQuality "1"]
[TimeControl "40/5400+30:1800+30"]

1. d4 Nf6 2. Nf3 c5 3. d5 e6 4. Nc3 exd5 5. Nxd5 Nxd5 6. Qxd5 Nc6 7. e4 Nb4 8. Qd1 d5 9. exd5 Qxd5 10. Qxd5 Nxd5 11. Bd2 f6 12. O-O-O Be6 13. Bc4 Kf7 14. Rhe1 Rd8 15. a4 Nc7 16. Bxe6+ Nxe6 17. Be3 Be7 18. Nd2 h5 19. Nc4 b6 20. c3 g5 21. Rxd8 Rxd8 22. Rd1 Ng7 23. Rxd8 Bxd8 24. h3 Ke6 25. Kd2 Kd5 26. Kd3 Bc7 27. g4 h4 28. Bd2 Ne6 29. Ne3+ Kc6 30. Ng2 b5 31. Ke4 c4 32. Kf5 Nc5 33. axb5+ Kxb5 34. f4 gxf4 35. Bxf4 Bd8 36. Nxh4 Nd3 37. Ng6 Ba5 38. h4 Bxc3 39. bxc3 a5 40. h5 a4 41. Bd6 Nc5 42. h6 a3 43. h7 a2 44. h8=Q a1=N 45. Qb8+ Kc6 46. Qc7+ Kd5 47. Qxc5# 1-0